 Dungeon Sprint DCSS version 0.21.1-1-g345015f (webtiles) character file.

441 raistware the Unseen (level 6, -3/30 HPs)
             Began as a Spriggan Assassin on Apr 17, 2018.
             Was an Initiate of Gozag.
             Shot with an arrow by a centaur warrior (19 damage)
             ... in the Dungeon (Sprint I: "Red Sonja").
             The game lasted 00:03:52 (130 turns).

raistware the Unseen (Spriggan Assassin)             Turns: 130, Time: 00:03:53

Health: -3/30      AC:  3    Str:  7    XL:     6   Next: 71%
Magic:  7/7        EV: 17    Int: 13    God:    Gozag
Gold:   35         SH:  0    Dex: 19    Spells: 5/5 levels left

rFire    . . .     SeeInvis +   a - +2 dagger
rCold    . . .     Gourm    .   (shield restricted)
rNeg     . . .     Faith    .   c - +0 robe
rPois    .         Spirit   .   (helmet restricted)
rElec    .         Reflect  .   d - +0 cloak
rCorr    .         Harm     .   (gloves unavailable)
MR       +....     NoTele   +   (boots unavailable)
Stlth    ++++......             (no amulet)
HPRegen  0.10/turn              (no ring)
MPRegen  0.10/turn              (no ring)

@: slow
A: very small, unfitting armour, see invisible, herbivore, speed 3, slow
metabolism 2
a: Potion Petition, Call Merchant, Bribe Branch, Renounce Religion


You were in the Dungeon.
You worshipped Gozag.
Gozag was noncommittal.
You were not hungry.

You visited 1 branch You collected 308 gold pieces.
You spent 273 gold pieces at shops.

Inventory:

Hand Weapons
 a - a +2 dagger (weapon)
 b - a +0 blowgun
Missiles
 e - 8 poisoned needles
 f - 2 curare-tipped needles
Armour
 c - a +0 robe (worn)
 d - a +0 cloak (worn)
Scrolls
 i - a scroll of magic mapping
 l - a scroll of enchant weapon
 m - a scroll of blinking
 o - a scroll of immolation
 p - a scroll of fog
Potions
 h - a potion of curing
 j - a potion of haste
 k - 2 potions of magic
Comestibles
 g - a ration


   Skills:
 - Level 1.5 Fighting
 + Level 3.8 Short Blades
 - Level 2.0 Throwing
 - Level 1.5 Dodging
 + Level 20.2 Stealth


You had 5 spell levels left.
You didn't know any spells.

Dungeon Overview and Level Annotations

Branches:
Dungeon (1/1)

Altars:
Cheibriados
Dithmenos
Elyvilon
Fedhas
Gozag
Hepliaklqana
Kikubaaqudgha
Nemelex Xobeh
Okawaru
Qazlal
Ru
Sif Muna
Trog
Uskayaw
Vehumet
Wu Jian
Yredelemnul
Zin
The Shining One

Shops:
D *


Innate Abilities, Weirdness & Mutations

You are very small and have problems with some larger weapons.
You are too small for most types of armour.
You have supernaturally acute eyesight. (SInv)
You are a herbivore.
You cover ground extremely quickly.
You need consume almost no food.


Message History

There is an open door here.
You enter the shallow water.
Moving in this stuff is going to be slow.
Found a scroll labeled POWUANL QEUMPA.
A centaur warrior comes into view. x2
The centaur warrior shouts!
The centaur warrior wields a shortbow.
The centaur warrior shoots an arrow.
The arrow hits you.
You hear a splash.
Found a long sword.
You see here an arrow.
Okay, then.
The centaur warrior wields a shortbow.
The centaur warrior shoots an arrow.
The arrow hits you.
The centaur warrior shoots an arrow.
The arrow closely misses you.
You hear a splash.
The centaur warrior shoots an arrow.
The arrow hits you!!
Ouch! That really hurt!
You die...
Your body crumbles into a pile of gold.

###############
<.#.['..#.['..# $$ $$
..'..#.%'..#..+ $$ $
..#####'#####'# ## $
..####..#...#(####?§# $
$
..#__####..##.#§@§§§#$$
$ ..#_____##'#_.§≈§§c§+
$
⌠⌠#_.∩...'...§#§§§c§#$$
$ ###_..__##_.#'##+####
$$#_____###+#=#$$ $
####### ### $ $ $ $$ $$
$ $ $ $ $$


$$$$ You could see 2 centaur warriors.

Vanquished Creatures
  Sigmund (D)
  A yak (D)
  An ogre (D)
  A jelly (D)
  Ijyb (D)
5 creatures vanquished.

Notes
Turn   | Place    | Note
-------+----------+-------------------------------------------
     0 | D        | raistware the Spriggan Assassin began the quest for the Orb.
     0 | D        | Reached XP level 1. HP: 10/10 MP: 2/2
     2 | D        | Noticed Ijyb
     4 | D        | Killed Ijyb
     4 | D        | Reached skill level 10 in Stealth
     4 | D        | Reached XP level 2. HP: 14/14 MP: 3/3
     7 | D        | Noticed an ogre
     9 | D        | Killed an ogre
     9 | D        | Reached skill level 14 in Stealth
     9 | D        | Reached XP level 3. HP: 18/18 MP: 4/4
     9 | D        | Reached XP level 4. HP: 22/22 MP: 5/5
    21 | D        | Noticed Sigmund
    23 | D        | Killed Sigmund
    23 | D        | Reached skill level 18 in Stealth
    23 | D        | Reached XP level 5. HP: 25/25 MP: 6/6
    23 | D        | Reached XP level 6. HP: 30/30 MP: 7/7
    38 | D        | Found a deep blue altar of Sif Muna.
    39 | D        | Found an ornate altar of the Wu Jian Council.
    40 | D        | Found a radiant altar of Vehumet.
    63 | D        | Found Izupnako's General Store.
    63 | D        | Found an ancient bone altar of Kikubaaqudgha.
    63 | D        | Found a hazy altar of Hepliaklqana.
    63 | D        | Found a hide-covered altar of Uskayaw.
    63 | D        | Found a basalt altar of Yredelemnul.
    63 | D        | Found an opulent altar of Gozag.
    63 | D        | Found a snail-covered altar of Cheibriados.
    63 | D        | Found a sacrificial altar of Ru.
    63 | D        | Found a shadowy altar of Dithmenos.
    63 | D        | Noticed a yak
    74 | D        | Killed a yak
    74 | D        | Reached skill level 20 in Stealth
    75 | D        | Found a stormy altar of Qazlal.
    75 | D        | Found a blossoming altar of Fedhas.
    75 | D        | Found a bloodstained altar of Trog.
    75 | D        | Found an iron altar of Okawaru.
    75 | D        | Found a glowing golden altar of the Shining One.
    75 | D        | Found a glowing silver altar of Zin.
    75 | D        | Found a white marble altar of Elyvilon.
    76 | D        | Found a sparkling altar of Nemelex Xobeh.
    85 | D        | Became a worshipper of Gozag Ym Sagoz the Greedy
    88 | D        | Bought a scroll of magic mapping for 49 gold pieces
    88 | D        | Bought a scroll of enchant weapon for 105 gold pieces
    88 | D        | Bought a scroll of remove curse for 42 gold pieces
    88 | D        | Bought a scroll of immolation for 49 gold pieces
    88 | D        | Bought a scroll of fog for 28 gold pieces
   128 | D        | Noticed a centaur warrior
   129 | D        | Noticed a centaur warrior
   130 | D        | Shot with an arrow by a centaur warrior

Skill      XL: |  1  2  3  4  5  6 |
---------------+-------------------+-----
Stealth        | 10 14 18 20 | 20.2
Short Blades   | 3 |  3.8
Fighting       | |  1.5
Throwing       | |  2.0
Dodging        | |  1.5

Action                   |  1- 3 |  4- 6 || total
-------------------------+-------+-------++-------
Melee: Dagger            |     2 |    11 ||    13
  Use: Potion            |       |     2 ||     2
       Scroll            |       |     1 ||     1
 Stab: Sleeping          |     2 |     2 ||     4
Dodge: Dodged            |       |     6 ||     6
